 Dungeon Crawl Stone Soup version 0.31-a0-920-g28cbb04a8c (webtiles) character file.

Game seed: 17590207377823949683

9 Azuregosa the Sneak (level 2, -6/21 HPs)
             Began as an Octopode Delver on Oct 17, 2023.
             Mangled by a sleepcap (19 damage)
             ... on level 4 of the Dungeon.
             The game lasted 00:01:18 (130 turns).

Azuregosa the Sneak (Octopode Delver)                Turns: 130, Time: 00:01:18

Health: -6/21      AC:  1    Str: 11    XL:     2   Next: 12%
Magic:  2/2        EV:  2    Int: 12    God:
Gold:   13         SH:  0    Dex: 13    Spells: 1/1 levels left

rFire   . . .        a - +0 hand axe
rCold   . . .        (no shield)
rNeg    . . .        (helmet restricted)
rPois   .            (no amulet)
rElec   .            (no ring)
rCorr   .            (no ring)
SInv    .            (no ring)
Will    .....        (no ring)
Stlth   ++++         (no ring)
HPRegen 0.23/turn    (no ring)
MPRegen 0.08/turn    (no ring)
                     (no ring)

%: no passive effects
@: sleeping
A: almost no armour, amphibious, 8 rings, camouflage 1, gelatinous body 1,
(nimble swimmer 1), tentacles
a: no special abilities


You were on level 4 of the Dungeon.
You visited 1 branch of the dungeon, and saw 3 of its levels.

You collected 13 gold pieces.

Inventory:

Hand Weapons
 a - a +0 hand axe (weapon)
Wands
 f - a wand of digging (3)
Scrolls
 b - a scroll of fog
 d - a scroll of fear
Potions
 e - a potion of haste


   Skills:
 - Level 3.0 Fighting
 - Level 2.0 Axes
 - Level 2.0 Dodging
 + Level 7.2 Stealth


You had one spell level left.
You didn't know any spells.
Your spell library was empty.

Dungeon Overview and Level Annotations

Branches:
Dungeon (6/15)
 Temple: D:4-7

Altars:
Elyvilon
Nemelex Xobeh
Xom


Innate Abilities, Weirdness & Mutations

You cannot wear most types of armour.
You are amphibious.
You can wear up to eight rings at the same time.
Your skin changes colour to match your surroundings (Stealth+).
Your rubbery body absorbs attacks. (AC +1, EV +1)
((You are camouflaged when in or above water. (Stealth+)))
You have tentacles for arms and can constrict up to eight enemies at once.


Message History

A hound comes into view.
You see here an adder corpse.
A white imp comes into view.
There is a stone staircase leading up here.
You climb upwards.
There is a stone staircase leading down here.
There is a stone staircase leading down here.
Found a white marble altar of Elyvilon.
Found a sling.
Found a stone staircase leading up.
Found a stone staircase leading down.
You now have 13 gold pieces.
There is a stone staircase leading up here.
You climb upwards.
There is a stone staircase leading down here.
As you read the scroll of revelation, it crumbles to dust.
You feel aware of your surroundings.
You sensed 4 altars.
Found a stone staircase leading down.
There is a stone staircase leading down here.
You climb downwards.
Found a mace.
Found a stone staircase leading down.
There is a stone staircase leading up here.
You climb upwards.
There is a stone staircase leading down here.
You open the door.
Found a sparkling altar of Nemelex Xobeh and a shimmering altar of Xom.
There is a stone staircase leading down here.
A sleepcap comes into view.
Found 5 stones.
The sleepcap closely misses you.
You hit the sleepcap. You grab the sleepcap.
The sleepcap is moderately damaged.
You constrict the sleepcap, but do no damage.
The sleepcap releases spores at you!
You are engulfed in a cloud of soporific spores!
You fall asleep.
You lose your grip on the sleepcap.
The sleepcap releases spores at you!!
Ouch! That really hurt!
You die...

,,,,,,,* #**#.>.................
,******* *,*#.....#####.########
,* *,*#.....# ##.######## ,*
*,*###.### ##.....#### **** *,*
#.# ######.#### ,,,**** *,* #.#
######.#### 8,,+,,* *,* #.#
######.#### ,,,**,*****,* #.#
*######.#### *,***,,,,,,,* #@#
*,,,,,,,,,,, ,,,**,******* #f#
*,*****,**** ,,,**,* **#.#** *,*
*,* * ,8,**,* *,...,*
*,*****,****
*****,********,...<***,,,,**,**,,
*,*,*,,,,,,,.(...,,,,**,**,,,,,
*,*,*,******.....***,**,*****,,
*,,,,,*****#.....#**,**,* **,
**,,,,,**,,,,,,,,,,,*,**,* *,,


You could see a sleepcap.

Vanquished Creatures
  An adder (D:6)
1 creature vanquished.

Notes
Turn   | Place    | Note
-------+----------+-------------------------------------------
     0 | D:5      | Azuregosa the Octopode Delver began the quest for the Orb.
     0 | D:5      | Reached XP level 1. HP: 16/16 MP: 1/1
     9 | D:6      | Reached skill level 7 in Stealth
     9 | D:6      | Reached XP level 2. HP: 21/21 MP: 2/2
    61 | D:5      | Found a white marble altar of Elyvilon.
   117 | D:4      | Found a sparkling altar of Nemelex Xobeh.
   117 | D:4      | Found a shimmering altar of Xom.
   130 | D:4      | Mangled by a sleepcap

Illustrated notes

Levels and vault maps discovered:
D:4:      layout_loops_ring, nicolae_wu_jian_immortal_techniques,
          tgw_kikubaaqudgha, gammafunk_temple_overflow_statue, uniq_eustachio
D:5:      layout_layer_cave, eat_drink_and_be_merry_uskayaw, elyvilon_altar_4,
          gammafunk_temple_overflow_arena, chequers_mini_garden,
          uniq_blork_the_orc
D:6:      layout_basic, serial_curves, eino_curves_01, eino_curves_02

Skill      XL: |  1 |
---------------+----+-----
Stealth        | 7 |  7.2
Fighting       | |  3.0
Axes           | |  2.0
Dodging        | |  2.0

Action                     || total
---------------------------++-------
  Melee: Hand axe          ||     3
         Constrict         ||     2
    Use: Scroll            ||     1
   Stab: Sleeping          ||     1
 Armour: Skin              ||     3
  Dodge: Dodged            ||     2

Table legend: (Time is in decaauts)
 A = Elapsed time spent in this place.
 B = Non-inter-level travel time spent in this place.
 C = Inter-level travel time spent in this place.
 D = Time resting spent in this place.
 E = Time spent auto-exploring this place.
 F = Levels seen in this place.
 G = Mean time per level.
                   A        B        C        D        E       F      G
               +--------+--------+--------+--------+--------+-----+--------+
         Total |    130 |    130 |      0 |      0 |     10 |   3 |   43.3 |
       Dungeon |    130 |    130 |      0 |      0 |     10 |   3 |   43.3 |
               +--------+--------+--------+--------+--------+-----+--------+

Top non-repeatable levels by time:
     D:5: 48 daAuts
     D:6: 47 daAuts
     D:4: 35 daAuts
